 Dungeon Crawl Stone Soup version 0.14-a0-3315-g09e681a (webtiles) character file.

702 Kae the Cleaver (level 7, -12/59 HPs)
             Began as a Hill Orc Fighter on Mar 15, 2014.
             Mangled by Pikel
             ... wielding a +2,+2 whip of electrocution
              (20 damage)
             ... on Level 4 of the Dungeon.
             The game lasted 00:06:27 (3977 turns).

Kae the Cleaver (Hill Orc Fighter)                  Turns: 3977, Time: 00:06:28

HP -12/59        AC  7     Str 21      XL: 7   Next: 36%
MP   7/7         EV  6     Int  8      God:
Gold 123         SH 19     Dex 10      Spells:  0 memorised,  6 levels left

rFire  . . .     SeeInvis .     a - +0,+1 war axe
rCold  . . .     Clarity  .     b - +0 scale mail
rNeg   . . .     Conserve .     c - +0 shield
rPois  .         rCorr    .     (no helmet)
rElec  .         rRot     .     (no cloak)
SustAb . .       Spirit   .     (no gloves)
rMut   .         Warding  .     (no boots)
Saprov + . .     Stasis   .     (no amulet)
MR     .....                    (no ring)
                                (no ring)

@: about to teleport, not resistant to hostile enchantments, extremely
unstealthy
A: saprovore 1
a: no special abilities


You were on level 4 of the Dungeon.
You were not hungry.

You visited 1 branch of the dungeon, and saw 4 of its levels.

You collected 123 gold pieces.

Inventory:

Hand weapons
 a - a +0,+1 war axe (weapon)
Armour
 b - a +0 scale mail (worn)
 c - a +0 shield (worn)
Magical devices
 e - a wand of fireball (5)
Comestibles
 d - 2 meat rations
 o - 4 bread rations
 p - a pear
Scrolls
 f - 3 scrolls of identify
 i - a scroll of teleportation
 l - a scroll of immolation
 n - 3 scrolls of remove curse
Jewellery
 g - an uncursed ring of protection from fire {unknown}
 h - a +3 ring of protection {unknown}
 s - an uncursed ring of flight {unknown}
Potions
 j - a potion of might
 k - a potion of cure mutation {unknown}
 q - a potion of berserk rage {unknown}


   Skills:
 - Level 4.1 Fighting
 + Level 8.7 Axes
 - Level 4.2 Armour
 - Level 1.3 Dodging
 - Level 4.1 Shields


You had 6 spell levels left.
You didn't know any spells.

Dungeon Overview and Level Annotations

Branches:
Dungeon (4/15)
 Temple: D:4-7

Altars:
Fedhas
Trog
Vehumet
Xom
Zin

Annotations:
D:2 exclusion: oklob plant
D:4 Pikel


Innate Abilities, Weirdness & Mutations

You can tolerate rotten meat.


Message History

You block the ogre's attack.
Unknown command.
Your shield and scale mail prevent you from hitting the ogre.
The ogre is moderately wounded.
The ogre hits you with a giant spiked club!
* * * LOW HITPOINT WARNING * * *
Unknown command.
Unknown command.
The slave shouts!
Read which item? (? for menu, Esc to quit)
Identify which item? (\ to view known items) (? for menu, Esc to quit)
Okay, then.
Unknown command.
Read which item? (? for menu, Esc to quit)
As you read the scroll of teleportation, it crumbles to dust.
You feel strangely unstable.
The slave shouts!
Drink which item? (? for menu, Esc to quit)
You feel better. Pikel hits you but does no damage.
You are electrocuted!
You die...

##..........
##...........
##............
##.............
##..............
##...............
##................
##.................
##.@K....@@.........
#[.O.....@..........
#.........@..........
#.....................
#.....................
#.....................
#.....................
#...........O...@K.@..
...............I.....


You could see Pikel, an ogre and 4 slaves.

Vanquished Creatures
  A sky beast (D:4)
  The ghost of Kae the Chopper, an average HOFi (D:3)
  A scorpion (D:4)
  2 big fish (D:2)
  A hound (D:4)
  2 worker ants (D:4)
  Natasha (twice) (D:3)
  Ijyb (D:3)
  Terence (D:3)
  5 adders
  An orc skeleton (D:4)
  A giant mite (D:4)
  2 gnolls
  3 giant geckos
  2 orcs (D:3)
  2 ball pythons (D:2)
  8 bats
  4 giant cockroaches
  10 goblins
  10 hobgoblins
  A jackal (D:2)
  7 kobolds
  A quokka (D:3)
  A giant newt (D:3)
  A goblin skeleton (D:3)
  10 rats
  A plant (D:2)
82 creatures vanquished.

Notes
Turn   | Place    | Note
--------------------------------------------------------------
     0 | D:1      | Kae, the Hill Orc Fighter, began the quest for the Orb.
     0 | D:1      | Reached XP level 1. HP: 19/19 MP: 1/1
   216 | D:1      | Reached XP level 2. HP: 24/26 MP: 2/2
   392 | D:1      | Reached XP level 3. HP: 23/33 MP: 3/3
   685 | D:2      | Found a radiant altar of Vehumet.
   862 | D:2      | Reached skill level 4 in Fighting
   862 | D:2      | Reached skill level 1 in Dodging
   873 | D:2      | Reached XP level 4. HP: 29/40 MP: 4/4
  1091 | D:2      | Found a glowing silver altar of Zin.
  1091 | D:2      | Noticed an angel
  1093 | D:2      | Found a shimmering altar of Xom.
  1231 | D:2      | Found a blossoming altar of Fedhas.
  1287 | D:2      | Reached XP level 5. HP: 26/46 MP: 5/5
  1391 | D:2      | Noticed an oklob plant
  1821 | D:3      | Noticed Kae's ghost (average HOFi)
  1832 | D:3      | Killed Kae's ghost
  1832 | D:3      | Reached skill level 5 in Axes
  1832 | D:3      | Reached XP level 6. HP: 36/52 MP: 6/6
  1941 | D:3      | Noticed Ijyb
  1957 | D:3      | Killed Ijyb
  1957 | D:3      | Reached skill level 6 in Axes
  2313 | D:3      | Noticed Terence
  2323 | D:3      | Killed Terence
  2401 | D:3      | Noticed Natasha
  2410 | D:3      | Killed Natasha
  2558 | D:3      | Noticed Natasha
  2573 | D:3      | Killed Natasha
  2847 | D:4      | Reached skill level 7 in Axes
  2908 | D:4      | Noticed Pikel
  3209 | D:3      | Paralysed by a potion of paralysis for 6 turns
  3371 | D:4      | Found a bloodstained altar of Trog.
  3385 | D:4      | Reached XP level 7. HP: 29/59 MP: 7/7
  3708 | D:4      | Reached skill level 8 in Axes
  3974 | D:4      | HP: 2/59 [ogre/giant spiked club (11)]
  3977 | D:4      | Mangled by Pikel

Action                   |  1- 3 |  4- 6 |  7- 9 || total
-------------------------+-------+-------+-------++-------
Melee: War axe           |    90 |   231 |    33 ||   354
Evoke: Wand              |       |     1 |       ||     1
  Use: Potion            |       |     6 |     1 ||     7
       Scroll            |       |    10 |     1 ||    11
